 Dungeon Crawl Stone Soup version 0.28.0-45-g0d030f2227 (webtiles) character file.

Game seed: 2055816869264646058

1836 zeratav the Ruffian (level 9, 0/59 HPs)
             Began as an Octopode Transmuter on Apr 15, 2022.
             Was an Initiate of Gozag.
             Splashed by a jelly's acid (5 damage)
             ... on level 7 of the Dungeon.
             The game lasted 00:19:17 (9898 turns).

zeratav the Ruffian (Octopode Transmuter)           Turns: 9898, Time: 00:19:17

Health: 0/59       AC: -2    Str: 13    XL:     9   Next: 11%
Magic:  10/12      EV: 24    Int: 16    God:    Gozag
Gold:   263        SH:  0    Dex: 23    Spells: 8/12 levels left

rFire   . . .      SeeInvis .     - Unarmed
rCold   . . .      Faith    .   (shield currently unavailable)
rNeg    . . .      Spirit   .   (helmet currently unavailable)
rPois   x          Reflect  .   (no amulet)
rElec   .          Harm     .   c - +6 ring of dexterity
rCorr   .          Rampage  .   (no ring)
Will    .....                   (no ring)
Stlth   +++.......              (no ring)
HPRegen 0.19/turn               (no ring)
MPRegen 0.13/turn               (no ring)
                                (no ring)
                                (no ring)

@: spider-form (expiring), corroded, gold aura
A: venomous fangs, almost no armour, (amphibious), 8 rings, tiny, (camouflage
1), (gelatinous body 1), (nimble swimmer 1), (tentacles)
a: End Transformation, Renounce Religion, Potion Petition, Call Merchant, Bribe
Branch


You were on level 7 of the Dungeon.
You worshipped Gozag.
Gozag was aware of your devotion.
You were a venomous arachnid creature.
You visited 2 branches of the dungeon, and saw 8 of its levels.
You also visited: Sewer.

You collected 370 gold pieces.
You paid 107 gold pieces to Gozag.


Innate Abilities, Weirdness & Mutations

You are a venomous arachnid creature.
You have poisonous fangs.
You are tiny and dextrous.
Your spellcasting is less reliable in this form.
Your armour is entirely melded.
You are incapable of wielding weapons or throwing items.
You cannot wear most types of armour.
((You are amphibious.))
You can wear up to eight rings at the same time.
((Your skin changes colour to match your surroundings (Stealth+).))
((Your rubbery body absorbs attacks. (AC +1, EV +1)))
((You are camouflaged when in or above water. (Stealth+)))
((You have tentacles for arms and can constrict up to eight enemies at once.))


   Skills:
 + Level 4.7 Fighting
 + Level 5.0 Dodging
 - Level 5.0 Stealth
 + Level 2.8 Shields
 * Level 7.3 Unarmed Combat
 - Level 2.0 Spellcasting
 + Level 3.6 Transmutations
 + Level 2.7 Ice Magic


You had 8 spell levels left.
You knew the following spells:

 Your Spells              Type           Power      Damage    Failure   Level
a - Beastly Appendage     Tmut           26%        N/A       14%         1
b - Spider Form           Tmut/Pois      7%         N/A       50%         3

Your spell library contained the following spells:

 Spells                   Type           Power      Damage    Failure   Level
 Wereblood                Tmut           13%        N/A       19%         2
 Sublimation of Blood     Necr           1%         N/A       52%         2
 Ice Form                 Ice/Tmut       11%        N/A       71%         4
 Summon Hydra             Summ           0%         N/A       100%        7

Inventory:

Hand Weapons
 u - a +1 hand axe of electrocution (melded) {axe}
   (You took it off an orc priest on level 6 of the Dungeon)
Missiles
 i - 2 curare-tipped darts {=fthrowing}
Armour
 s - a +2 buckler
   (You found it on level 4 of the Dungeon)
Jewellery
 c - a +6 ring of dexterity (left front leg)
   (You found it on level 2 of the Dungeon)
Wands
 x - a wand of flame (13)
   (You found it on level 7 of the Dungeon)
Scrolls
 a - 6 scrolls of identify {unknown}
 d - a scroll of silence {unknown}
 e - 3 scrolls of magic mapping {unknown}
 h - a scroll of enchant armour {unknown}
 j - a scroll of fog {unknown}
 k - 2 scrolls of teleportation {unknown}
 l - a scroll of enchant weapon
 m - 2 scrolls of fear {unknown}
 o - a scroll of brand weapon {unknown}
 q - a scroll of holy word {unknown}
 t - a scroll of noise {unknown}
 w - a scroll of amnesia {unknown}
Potions
 b - a potion of berserk rage {unknown}
 f - 2 potions of curing {unknown}
 g - a potion of mutation {unknown}
 n - 3 potions of might {unknown}
 p - a potion of attraction {unknown}
 r - a potion of brilliance {unknown}
 v - a potion of flight {unknown}

Dungeon Overview and Level Annotations

Branches:
Dungeon (7/15)             Temple (1/1) D:6           Sewer (visited)

Altars:
Cheibriados
Dithmenos
Elyvilon
Fedhas
Gozag
Hepliaklqana
Makhleb
Nemelex Xobeh
Okawaru
Qazlal
Ru
Sif Muna
Trog
Uskayaw
Wu Jian
Xom
Yredelemnul
Zin
The Shining One
Beogh

Shops:
D:2 [   D:4 :   D:5 (

Annotations:
D:5 3 runed translucent doors, demenzo's ghost, novice OpCA

.......# .......#
.......##########
................#
................##
..$...............
######..........#####
#..........J...#
#.#.....##.s...#
#.#...######$..#
#.#..#.#..#.#≈.# #
#.#o.##.##.##..##.##
#...##.#$$#.##.....#
#...##.#$$#.##.#####
#.#..##.##.##..# #.#.
#.#..#.#..# .
..######...#


You could see a jelly (very poisoned).


Message History

You bite the necrophage! The necrophage completely misses you.
HP[+1]
You bite the necrophage!
You destroy the necrophage!
Your life force feels restored.
You now have 59 max hp (+1).
The sky beast flickers out of sight!
Deactivating autopickup; reactivate with Ctrl-A.
You see here 5 gold pieces.
Your transformation is almost over.
MP[+1]
Something completely misses you.
HP[+1]
A jelly comes into view.
MP[+1]
An orc comes into view. It is wielding a +0 hand axe.
HP[+1]
Your hp is fully restored (59).
Your transformation has ended.
Your +1 hand axe of electrocution {axe} unmelds from your body.
You hear the crackle of electricity.
You see here 5 gold pieces.
You see here 17 gold pieces.
MP[+1]
Your mp is fully restored (12).
You see here 16 gold pieces.
You see here 5 gold pieces.
Something hits you. Something shocks you.
HP[-10]
You take 10 damage, and now have 49/59 hp.
You barely miss something. Something hits you. Something shocks you.
HP[-9]
You take 9 damage, and now have 40/59 hp.
You see here 5 gold pieces.
You see here 17 gold pieces.
You hear the faint creaking of a distant portcullis.
HP[+1]
A water moccasin skeleton comes into view.
You see here a wand of flame (13).
x - a wand of flame (13)
Something hits you. Something shocks you.
HP[-8]
You take 8 damage, and now have 33/59 hp.
HP[+1]
A sky beast appears from thin air!
Reactivating autopickup.
You closely miss the sky beast. The sky beast closely misses you.
You closely miss the sky beast.
You squeeze the sky beast, but do no damage.
The sky beast flickers out of sight!
Deactivating autopickup; reactivate with Ctrl-A.
Something hits you. Something shocks you.
* * * LOW HITPOINT WARNING * * *
HP[-7]
You take 7 damage, and now have 27/59 hp.
You hit something but do no damage. You squeeze something. Something hits you.
* * * LOW HITPOINT WARNING * * *
Something shocks you.
* * * LOW HITPOINT WARNING * * *
HP[-8]
You take 8 damage, and now have 19/59 hp.
Casting: Spider Form (dangerous; 30% risk of failure)
Confirm with . or Enter, or press ? or * to list all spells.
You turn into a venomous arachnid creature.
Your +1 hand axe of electrocution {axe} melds into your body.
Your +1 hand axe of electrocution {axe} stops crackling.
A sky beast appears from thin air!
Reactivating autopickup.
The sky beast barely misses you.
MP[-3]
You lost 3 mp, and now have 9/12 mp.
The jelly quivers.
You closely miss the sky beast. The sky beast closely misses you.
HP[+1]
You hit the sky beast.
The sky beast is poisoned.
The sky beast misses you.
You hit the sky beast but do no damage.
The sky beast looks as sick as possible!
The sky beast misses you.
You bite the sky beast!
The sky beast looks as sick as possible!
The sky beast misses you.
You bite the sky beast!
You kill the sky beast!
Your transformation is almost over.
The jelly hits you.
* * * LOW HITPOINT WARNING * * *
You are splashed with acid!
* * * LOW HITPOINT WARNING * * *
Your Dodging skill increases to level 5!
HP[-13]
You take 13 damage, and now have 7/59 hp.
MASSIVE DAMAGE!! (PAUSE)
You bite the jelly!
The jelly is poisoned.
Your front legs burn!
* * * LOW HITPOINT WARNING * * *
The jelly misses you.
HP[-2] MP[+1]
You take 2 damage, and now have 5/59 hp.
You hit the jelly. The acid corrodes you!
Your front legs burn!
You die...
Your body crumbles into a pile of gold.

Skill      XL: |  1  2  3  4  5  6  7  8  9 |
---------------+----------------------------+-----
Stealth        | 1 2 3 4 5 |  5.0
Fighting       | 2 3 4 |  4.7
Unarmed Combat | 4 5 6 7 |  7.3
Dodging        | 3 4 5 |  5.0
Shields        | 1 2 |  2.8
Ice Magic      | 1 2 |  2.7
Transmutations | 3 |  3.6
Spellcasting   | |  2.0

Action                   |  1- 3 |  4- 6 |  7- 9 || total
-------------------------+-------+-------+-------++-------
Melee: Unarmed           |    77 |   134 |   212 ||   423
       Constrict         |    21 |    35 |    24 ||    80
       Tentacles         |    13 |    24 |    29 ||    66
       Kick              |    12 |     7 |    18 ||    37
       Punch             |       |     4 |     6 ||    10
       Hand axe          |       |       |     4 ||     4
 Cast: Beastly Appendage |    21 |     9 |    22 ||    52
       Spider Form       |       |     5 |    16 ||    21
  Use: Scroll            |       |       |     1 ||     1
 Stab: Sleeping          |     8 |     8 |    19 ||    35
       Distracted        |       |     2 |     1 ||     3
Armor: Skin              |     7 |     5 |     9 ||    21
Dodge: Dodged            |    38 |    65 |   162 ||   265

Levels and vault maps discovered:
D:1:      tarquinn_simple_flora_water_c, layout_basic
D:2:      layout_loops_ring, basic_altar, serial_shops,
          nicolae_shop_window_shopping, hellmonk_ecumenical_altar_run_dry,
          uniq_jessica
D:3:      layout_basic, mainiacjoe_overflow_alcove_1, ebering_ghost_sewer_d,
          gup_sewer_entry_bubbles, kennysheep_generic_room_2
D:4:      layout_basic, serial_shops, nicolae_diamond_shop,
          minmay_misc_feat_roman
D:5:      layout_loops_ring, biasface_ghost_orc_armoury,
          nicolae_ossuary_entry_plus, serial_shops, kennysheep_little_box,
          uniq_grinder
D:6:      layout_basic, mainiacjoe_overflow_catwalk_spiral,
          minmay_temple_entry_wispy
D:7:      layout_basic, mainiacjoe_overflow_brackets, enter_bailey_5,
          minivault_22
Temple:   nicolae_temple_x_marks_the_god

Notes
Turn   | Place    | Note
-------+----------+-------------------------------------------
     0 | D:1      | zeratav the Octopode Transmuter began the quest for the
                  | Orb.
     0 | D:1      | Reached XP level 1. HP: 13/13 MP: 3/3
     0 | D:1      | magus.rc [v1.9.6]
   404 | D:1      | Reached XP level 2. HP: 12/18 MP: 5/5
   563 | D:1      | Reached skill level 1 in Stealth
  1326 | D:2      | Found a shadowy altar of Dithmenos.
  1328 | D:2      | Reached XP level 3. HP: 23/23 MP: 4/6
  1432 | D:2      | magus.rc [v1.9.6]
  1745 | D:2      | Found a faded altar of an unknown god.
  1804 | D:2      | Reached skill level 2 in Stealth
  1995 | D:2      | Noticed Jessica
  2001 | D:2      | Found Feehen's Antique Armour Emporium.
  2007 | D:2      | Killed Jessica
  2008 | D:2      | Reached XP level 4. HP: 20/29 MP: 5/7
  2388 | D:3      | Reached skill level 2 in Fighting
  2397 | D:3      | Noticed a kobold brigand
  2406 | D:3      | Reached skill level 4 in Unarmed Combat
  2689 | D:3      | Reached XP level 5. HP: 10/34 MP: 8/8
  2701 | D:3      | Found a glowing drain.
  2708 | Sewer    | Entered a sewer
  2922 | Sewer    | Noticed a kobold brigand
  2929 | Sewer    | Learned a level 3 spell: Spider Form
  2945 | Sewer    | Killed a kobold brigand
  2946 | Sewer    | Reached skill level 3 in Dodging
  2946 | Sewer    | Reached skill level 3 in Stealth
  3194 | Sewer    | Reached XP level 6. HP: 25/41 MP: 9/9
  3665 | Sewer    | Reached skill level 3 in Fighting
  3665 | Sewer    | Reached skill level 4 in Stealth
  3665 | Sewer    | Reached skill level 5 in Unarmed Combat
  4208 | D:3      | Reached XP level 7. HP: 23/46 MP: 4/10
  4792 | D:3      | Found a runed translucent door.
  5061 | D:3      | Found a sacrificial altar of Ru.
  5242 | D:3      | Noticed dornbeast's ghost (weakling DsDe)
  5270 | D:3      | Killed dornbeast's ghost
  5590 | D:4      | Found Zimuxena's Book Emporium.
  5982 | D:5      | Entered Level 5 of the Dungeon
  5990 | D:5      | Identified the +2 hunting sling of the Little People
                  | {vorpal, rN+ Will+}
  6066 | D:5      | Found a runed translucent gate.
  6078 | D:5      | HP: 5/46 [ice beast (7)]
  6080 | D:5      | Reached skill level 4 in Dodging
  6080 | D:5      | Reached skill level 6 in Unarmed Combat
  6357 | D:5      | Found a runed translucent gate.
  6358 | D:5      | Found a runed translucent gate.
  6389 | D:5      | Reached skill level 5 in Stealth
  6403 | D:5      | Reached skill level 1 in Shields
  6403 | D:5      | Reached skill level 1 in Ice Magic
  6403 | D:5      | Reached XP level 8. HP: 39/54 MP: 9/11
  6649 | D:5      | Noticed demenzo's ghost (novice OpCA)
  6667 | D:5      | Found Zimin's Antique Weapon Shop.
  6904 | D:5      | Noticed Grinder
  6957 | D:5      | Paralysed by Grinder for 6 turns
  6976 | D:5      | Killed Grinder
  6977 | D:5      | Reached skill level 4 in Fighting
  7562 | D:5      | Reached skill level 3 in Transmutations
  7907 | D:6      | Found a snail-covered altar of Cheibriados.
  7914 | D:6      | Found an ornate altar of the Wu Jian Council.
  7925 | D:6      | Reached skill level 2 in Shields
  7925 | D:6      | Reached skill level 2 in Ice Magic
  8591 | D:6      | Found a staircase to the Ecumenical Temple.
  8605 | Temple   | Entered the Ecumenical Temple
  8611 | Temple   | Reached skill level 7 in Unarmed Combat
  9058 | Temple   | Became a worshipper of Gozag Ym Sagoz the Greedy
  9339 | D:6      | You pick up a book of Blood and begin reading...
  9339 | D:6      | You add the spells Sublimation of Blood and Summon Hydra to
                  | your library.
  9521 | D:6      | Reached XP level 9. HP: 54/59 MP: 9/12
  9896 | D:7      | HP: 7/59 [acid (11)]
  9897 | D:7      | Reached skill level 5 in Dodging
  9898 | D:7      | Splashed by a jelly's acid

Vanquished Creatures
  Grinder (D:5)
  A black bear (D:4)
  A necrophage (D:7)
  An ice beast (D:5)
  A sky beast (D:7)
  2 ogres (D:5)
  4 kobold brigands
  A scorpion (D:5)
  A water moccasin zombie (D:6)
  A howler monkey (D:6)
  A centaur zombie (D:5)
  2 centaur skeletons (D:6)
  A gnoll shaman (D:6)
  An orc priest (D:6)
  2 hounds
  A jelly (D:5)
  Jessica (D:2)
  3 orc wizards
  2 iguanas
  The ghost of dornbeast the Sneak, a weakling DsDe (D:3)
  5 gnolls (D:6)
  7 adders
  A river rat (Sewer)
  A white imp (D:6)
  An ufetubus (D:6)
  2 worms (D:3)
  6 dart slugs
  12 orcs
  5 bats
  12 endoplasms
  4 giant cockroaches
  6 goblins
  8 hobgoblins
  4 jackals (Sewer)
  4 quokkas
  6 ball pythons
  8 frilled lizards
  10 kobolds
  16 rats
147 creatures vanquished.

Vanquished Creatures (others)
  25 plants (Sewer)
25 creatures vanquished.

Grand Total: 172 creatures vanquished

Table legend:
 A = Non-vault XP
 B = Vault XP
 C = Vault XP percentage of total XP
 D = Non-vault monster count
 E = Vault monster count
 F = Vault count percentage of total count
                 A         B        C        D         E       F
            +---------+---------+-------+---------+---------+-------
      Total |    1847 |     777 |  29.6 |     106 |      41 |  27.9
            +---------+---------+-------+---------+---------+-------
        D:1 |      33 |       0 |   0.0 |      19 |       0 |   0.0
        D:2 |      42 |      37 |  46.8 |      19 |       1 |   5.0
        D:3 |     188 |      58 |  23.6 |      25 |      12 |  32.4
        D:4 |     180 |       0 |   0.0 |       7 |       0 |   0.0
        D:5 |     627 |     286 |  31.3 |      14 |       1 |   6.7
        D:6 |     486 |       0 |   0.0 |      19 |       0 |   0.0
        D:7 |     255 |       0 |   0.0 |       2 |       0 |   0.0
     Temple |      36 |       0 |   0.0 |       1 |       0 |   0.0
      Sewer |       0 |     396 | 100.0 |       0 |      27 | 100.0
            +---------+---------+-------+---------+---------+-------

Illustrated notes

Table legend:
 A = Kills in this place as a percentage of kills in entire the game.
 B = Kills by you in this place as a percentage of kills by you in the entire game.
 C = Kills by friends in this place as a percentage of kills by friends in the entire game.
 D = Other kills in this place as a percentage of other kills in the entire game.
 E = Experience gained in this place as a percentage of experience gained in the entire game.
 F = Experience gained in this place divided by the number of levels of this place that you have seen.
                   A       B       C       D       E      F
               +-------+-------+-------+-------+-------+----------------------
         Total | 100.0 | 100.0 |   N/A |   N/A | 100.0 | 291.6
       Dungeon |  81.0 |  81.0 |   N/A |   N/A |  83.5 | 313.1
        Temple |   0.7 |   0.7 |   N/A |   N/A |   1.4 |  36.0
         Sewer |  18.4 |  18.4 |   N/A |   N/A |  15.1 | 396.0
               +-------+-------+-------+-------+-------+----------------------

Table legend: (Time is in decaauts)
 A = Elapsed time spent in this place.
 B = Non-inter-level travel time spent in this place.
 C = Inter-level travel time spent in this place.
 D = Time resting spent in this place.
 E = Time spent auto-exploring this place.
 F = Levels seen in this place.
 G = Mean time per level.
                   A        B        C        D        E       F      G
               +--------+--------+--------+--------+--------+-----+--------+
         Total |   9861 |   9617 |    244 |   3540 |   4020 |   9 | 1095.7 |
       Dungeon |   7918 |   7701 |    217 |   2396 |   3762 |   7 | 1131.1 |
        Temple |    491 |    464 |     27 |    385 |     61 |   1 |  491.0 |
         Sewer |   1452 |   1452 |      0 |    759 |    197 |   1 | 1452.0 |
               +--------+--------+--------+--------+--------+-----+--------+

Top non-repeatable levels by time:
     D:5: 1876 daAuts
     D:3: 1460 daAuts
     D:6: 1460 daAuts
   Sewer: 1452 daAuts
     D:1: 1305 daAuts
     D:2: 1191 daAuts
     D:4: 553 daAuts
  Temple: 491 daAuts
     D:7: 70 daAuts
